Map: Celestial Bastion

Players

Ponchik

  • Race: Terran Terran
  • Spawn Location: 1:00

STALIN

  • Race: Terran Terran
  • Spawn Location: 1:00

Putin

  • Race: Protoss Protoss
  • Spawn Location: 12:00

Mantikor

  • Race: Zerg Zerg
  • Spawn Location: 3:00

killer

  • Race: Protoss Protoss
  • Spawn Location: 6:00

Gracz

  • Race: Zerg Zerg
  • League: Silver
  • Spawn Location: 7:00

Greenball

  • Race: Protoss Protoss
  • Spawn Location: 7:00

Robert

  • Race: Terran Terran
  • Spawn Location: 9:00

VOD

Have the link to the VOD?

Description

Time

  • Played on: Nov. 3, 2016, 3:17 p.m.
  • Length: 5:51
Show
View Real Time Build Order
Export as new Build Order

Ponchik Terran 

Build Orders:  

Get SALT Encoding   

  12  0:11  Supply Depot  
  12  0:12  SCV  
  13  0:35  Barracks  
  13  0:43  Barracks  
  13  0:48  SCV  
  14  1:02  Barracks  
  14  1:07  SCV  
  15  1:24  Marine  
  16  1:26  Orbital Command  
  16  1:31  Marine  
  17  1:40  Refinery  
  17  1:45  Marine  
  18  1:50  Marine x2  
  20  1:57  Supply Depot  
  20  2:02  Marine  
  20  2:08  Marine x2  
  23  2:18  SCV  
  23  2:22  Marine  
  25  2:26  Marine x2  
  27  2:40  Marine  
  27  2:44  Marine x2  
  30  2:57  Marine  
  31  3:15  Supply Depot  
  31  3:18  Marine x3  
  34  3:35  Marine x3  
  35  3:53  Marine x2  
  35  4:13  Marine x2  
  35  4:14  Marine  
  38  4:31  Marine x2  
Show
View Real Time Build Order
Export as new Build Order

STALIN Terran 

Build Orders:  

Get SALT Encoding   

  12  0:01  SCV  
  13  0:13  SCV  
  14  0:18  Supply Depot  
  14  0:25  SCV  
  15  0:40  SCV  
  15  0:42  Barracks  
  16  0:54  Barracks  
  16  0:56  SCV  
  17  1:05  Supply Depot  
  17  1:08  SCV  
  18  1:20  SCV  
  19  1:30  Barracks  
  19  1:33  Marine  
  19  1:39  Supply Depot  
  20  1:42  Marine  
  21  1:51  Marine  
  21  1:52  Barracks  
  22  2:00  Marine  
  23  2:06  Supply Depot  
  23  2:09  Marine  
  24  2:18  Marine  
  25  2:23  Marine  
  25  2:26  Marine  
  27  2:35  Marine  
  28  2:41  Marine  
  29  2:44  Marine x2  
  31  2:53  Marine  
  32  2:59  Marine  
  32  3:02  Marine x2  
  35  3:11  Marine  
  36  3:16  Marine  
  36  3:20  Marine x2  
  34  3:29  Marine  
  34  3:34  Marine  
  34  3:35  Barracks  
  34  3:38  Marine x2  
  37  3:47  Marine  
  38  3:52  Marine  
  39  3:55  Marine  
  39  4:01  Marine  
  41  4:04  Marine  
  42  4:10  Marine  
  42  4:13  Marine  
  44  4:19  Marine  
  44  4:22  Marine  
  45  4:56  Marine  
  45  4:57  Marine x2  
  45  4:58  Marine  
  47  5:00  Marine  
  41  5:14  Marine x3  
  41  5:16  Marine  
  41  5:18  Marine  
  43  5:32  Marine x3  
Show
View Real Time Build Order
Export as new Build Order

Putin Protoss 

Build Orders: Cannon Rush 

Get SALT Encoding   

  12  0:02  Probe (Chrono Boost)  
  13  0:13  Probe (Chrono Boost)  
  14  0:20  Pylon  
  14  0:23  Probe (Chrono Boost)  
  15  0:39  Probe (Chrono Boost)  
  15  0:40  Forge  
  16  0:49  Probe (Chrono Boost)  
  17  1:11  Pylon  
  17  1:15  Pylon  
  17  1:36  Photon Cannon  
  17  1:38  Photon Cannon  
  17  1:41  Photon Cannon  
  16  1:58  Gateway  
  16  1:59  Gateway  
  16  2:03  Assimilator  
  16  2:09  Assimilator  
  16  2:41  Pylon  
  16  2:45  Photon Cannon  
  16  2:48  Photon Cannon  
  16  2:52  Photon Cannon  
  16  2:55  Pylon  
  16  3:12  Photon Cannon  
  16  3:18  Photon Cannon  
  16  3:28  Photon Cannon  
  16  3:36  Photon Cannon  
  16  3:44  Photon Cannon  
  16  3:52  Photon Cannon  
  16  4:10  Pylon  
  16  4:30  Photon Cannon  
  16  4:33  Photon Cannon  
  16  4:37  Photon Cannon  
  15  4:57  Probe (Chrono Boost)  
  16  5:08  Probe (Chrono Boost)  
  17  5:18  Probe (Chrono Boost)  
  18  5:29  Probe (Chrono Boost)  
  19  5:37  Pylon  
  19  5:40  Pylon  
  19  5:44  Pylon  
  19  5:50  Pylon  
Show
View Real Time Build Order
Export as new Build Order

Mantikor Zerg 

Build Orders: Pool First 

Get SALT Encoding   

  12  0:02  Drone  
  13  0:08  Drone  
  14  0:17  Overlord  
  14  0:25  Overlord  
  14  0:36  Drone x2  
  16  0:46  Drone  
  17  0:58  Drone  
  17  0:59  Spawning Pool  
  17  1:02  Extractor  
  16  1:06  Drone  
  17  1:17  Drone  
  18  1:30  Drone  
  19  1:38  Unknown, Hatchery  
  18  1:45  Drone  
  18  1:46  Queen  
  19  1:52  Zergling x2  
  22  2:07  Zergling x2  
  23  2:09  Metabolic Boost  
  23  2:14  Drone  
  24  2:17  Extractor  
  23  2:24  Zergling x2  
  24  2:33  Drone  
  25  2:49  Unknown  
  25  2:52  Queen  
  25  2:54  Drone  
  28  3:26  Drone x3  
  31  3:31  Drone x2  
  31  3:32  Drone x3  
  36  3:36  Lair  
  36  3:43  Roach Warren  
  35  4:11  Zergling x2  
  36  4:18  Overlord x3  
  36  4:40  Roach, Zergling x2  
  36  4:41  Zergling x6  
  42  4:48  Drone x2  
  44  5:12  Drone x2  
Show
View Real Time Build Order
Export as new Build Order

killer Protoss 

Build Orders:  

Get SALT Encoding   

  12  0:01  Probe (Chrono Boost)  
  13  0:12  Probe (Chrono Boost)  
  14  0:18  Pylon  
  14  0:26  Probe (Chrono Boost)  
  15  0:29  Assimilator  
  15  0:37  Probe (Chrono Boost)  
  16  0:45  Gateway  
  16  0:54  Probe (Chrono Boost)  
  17  1:09  Probe (Chrono Boost)  
  18  1:30  Probe (Chrono Boost)  
  19  1:34  Cybernetics Core  
  19  1:56  Probe (Chrono Boost)  
  20  2:03  Unknown, Nexus  
  20  2:09  Pylon  
  17  2:16  Stalker  
  17  2:22  Gateway  
  19  2:55  Stalker  
  21  3:09  Stalker  
  23  3:14  Unknown  
  23  3:25  Stalker  
  25  3:39  Stalker  
  21  3:53  Probe (Chrono Boost)  
  12  4:03  Probe (Chrono Boost)  
  3  5:25  Probe (Chrono Boost)  
  4  5:36  Probe (Chrono Boost)  
Show
View Real Time Build Order
Export as new Build Order

Gracz Zerg 

Build Orders: Hatch First 

Get SALT Encoding   

  12  0:01  Drone  
  13  0:31  Unknown, Hatchery  
  13  0:35  Drone  
  13  0:40  Drone  
  14  0:56  Overlord  
  14  1:03  Extractor  
  14  1:06  Extractor, Drone  
  15  1:27  Drone  
  15  1:28  Drone x2  
  15  1:31  Extractor  
  17  1:39  Spawning Pool  
  16  1:42  Unknown  
  16  1:45  Drone x2  
  18  1:51  Drone  
  19  1:56  Drone  
  20  2:18  Drone x2  
  22  2:28  Extractor  
  21  2:33  Drone x3  
  21  2:34  Drone x2  
  26  2:40  Unknown, Hatchery  
  25  3:00  Drone x3  
  25  3:02  Overlord  
  28  3:07  Overlord x2  
  28  3:19  Queen x2  
  28  3:24  Drone x2  
  34  3:28  Drone x2  
  36  3:35  Metabolic Boost  
  36  3:45  Zergling x4  
  38  3:51  Queen, Unknown  
  38  3:55  Queen  
  40  3:56  Lair  
  40  4:20  Baneling Nest  
  39  4:34  Spine Crawler  
  38  4:38  Spine Crawler  
  28  5:23  Zergling x22  
  28  5:24  Zergling x14  
Show
View Real Time Build Order
Export as new Build Order

Greenball Protoss 

Build Orders:  

Get SALT Encoding   

  12  0:03  Probe (Chrono Boost)  
  13  0:13  Probe (Chrono Boost)  
  14  0:25  Pylon  
  14  0:26  Probe (Chrono Boost)  
  15  0:43  Probe (Chrono Boost)  
  15  0:47  Gateway  
  16  0:53  Pylon  
  16  0:58  Pylon  
  16  1:00  Probe (Chrono Boost)  
  16  1:03  Assimilator  
  17  1:10  Assimilator, Probe (Chrono Boost)  
  18  1:21  Probe (Chrono Boost)  
  19  1:29  Pylon  
  19  1:31  Probe (Chrono Boost)  
  20  1:36  Cybernetics Core  
  20  1:39  Zealot  
  22  1:48  Probe (Chrono Boost)  
  23  1:58  Probe (Chrono Boost)  
  24  2:04  Warp Gate  
  24  2:05  Gateway  
  24  2:12  Gateway  
  25  2:16  Probe (Chrono Boost)  
  25  2:28  Stalker  
  27  2:48  Probe (Chrono Boost)  
  28  3:00  Probe (Chrono Boost)  
  29  3:07  Stalker  
  29  3:08  Unknown, Nexus  
  29  3:33  Stalker  
  31  3:37  Stalker  
  27  4:19  Unknown  
  25  4:50  Mothership Core (Chrono Boost)  
Show
View Real Time Build Order
Export as new Build Order

Robert Terran 

Build Orders:  

Get SALT Encoding   

  12  0:02  SCV  
  14  0:14  SCV  
  14  0:26  SCV  
  14  0:27  Supply Depot  
  15  0:49  SCV  
  16  0:59  Barracks  
  16  1:30  Unknown, Command Center  
  16  2:07  Barracks  
  15  2:09  Supply Depot  
  10  2:18  SCV  
  10  2:21  Marine  
  12  2:30  SCV  
  13  2:39  Marine  
  13  2:42  Unknown, SCV  
  14  2:54  SCV  
  11  3:06  SCV  
  11  3:09  Engineering Bay  
  10  3:33  SCV  
  11  3:45  SCV  
  12  3:57  SCV  
  13  4:09  SCV  
  1  5:03  SCV  
  2  5:15  SCV  
  3  5:27  SCV  
Tags
 
Add a new tag
Caveats
  • Supply blocks, unpowered buildings, or Contaminate may cause inaccurate times.
  • Supply counts are checked every 10 seconds.